Map: Buried Caverns

Players

pizza

  • Race: Terran Terran
  • Spawn Location: 7:00

guiltyspark

  • Race: Zerg Zerg
  • Spawn Location: 9:00

Shangxz

  • Race: Protoss Protoss
  • League: Diamond
  • Spawn Location: 9:00

Throwfordays - Winner!

  • Race: Protoss Protoss
  • League: Silver
  • Spawn Location: 5:00

Cthulhu - Winner!

  • Race: Protoss Protoss
  • Spawn Location: 3:00

Faust - Winner!

  • Race: Zerg Zerg
  • League: Diamond
  • Spawn Location: 3:00

VOD

Have the link to the VOD?

Description

Time

  • Played on: March 4, 2019, 11:02 p.m.
  • Length: 15:21
Show
View Real Time Build Order
Export as new Build Order

pizza Terran 

Build Orders: 2 Factory, Mech 

Get SALT Encoding   

  12  0:01  SCV  
  13  0:13  SCV  
  14  0:20  Supply Depot  
  14  0:25  SCV  
  15  0:41  SCV  
  16  0:52  Barracks  
  16  0:56  SCV  
  17  1:06  Supply Depot  
  17  1:08  SCV  
  18  1:13  Refinery  
  18  1:22  SCV  
  19  1:34  SCV  
  20  1:46  SCV  
  21  1:53  Command Center  
  21  1:58  Reaper  
  22  2:01  Orbital Command  
  22  2:10  Refinery  
  22  2:35  Factory  
  22  2:45  SCV  
  22  2:49  Marine  
  24  2:57  SCV  
  25  3:06  Marine  
  25  3:09  SCV  
  25  3:11  Orbital Command  
  26  3:14  Factory  
  26  3:20  Hellion  
  26  3:21  SCV  
  29  3:31  Armory  
  29  3:33  SCV  
  30  3:42  Hellion  
  31  3:58  Orbital Command  
  31  3:59  Factory Reactor  
  30  4:07  Factory Reactor  
  30  4:08  Barracks Tech Lab  
  30  4:17  Refinery  
  30  4:31  Bunker  
  30  4:34  SCV x2  
  32  4:46  SCV x2  
  32  4:50  Hellion x3  
  32  4:51  Hellion  
  42  4:54  Terran Vehicle Weapons Level 1  
  42  4:58  SCV x2, Supply Depot  
  44  5:00  Supply Depot  
  44  5:03  Starport  
  44  5:10  SCV x2  
  46  5:22  SCV x2  
  46  5:23  Barracks Reactor  
  48  5:34  SCV x2  
  50  5:44  Refinery  
  50  5:46  SCV x2  
  52  5:57  Supply Depot  
  52  5:58  Supply Depot, SCV  
  52  5:59  SCV  
  54  6:10  SCV, Command Center  
  54  6:11  SCV  
  56  6:15  Factory  
  56  6:22  Hellion x2  
  56  6:23  SCV x2, Siege Tank  
  65  6:27  Marine x2  
  67  6:32  Starport Tech Lab  
  67  6:34  Starport Reactor  
  67  6:35  SCV x2  
  69  6:44  Hellion x2  
  69  6:45  Marine x2  
  75  6:55  Siege Tank  
  78  7:02  Marine  
  78  7:03  Marine  
  78  7:05  Hellion x2  
  78  7:06  Hellion  
  86  7:21  Marine x2, SCV x2  
  86  7:22  Hellion  
  92  7:24  Refinery  
  92  7:26  Supply Depot  
  92  7:27  Refinery  
  92  7:28  Supply Depot x2, Siege Tank  
  92  7:29  Supply Depot  
  95  7:34  SCV x2  
  97  7:39  Marine  
  94  7:46  SCV x2  
  90  7:58  SCV x2  
  92  8:00  Siege Tank  
  95  8:10  SCV x2  
  97  8:17  Hellion x4  
  105  8:22  Liberator x2  
  105  8:26  Orbital Command  
  111  8:32  Siege Tank  
  114  8:38  Hellion x2  
  114  8:39  Hellion  
  120  8:43  Fusion Core  
  120  8:48  Supply Depot  
  120  8:50  Supply Depot x2  
  120  8:52  SCV x3  
  120  8:53  Supply Depot  
  123  9:04  SCV  
  123  9:05  SCV x2, Liberator x2  
  132  9:13  Starport  
  132  9:16  SCV  
  132  10:05  Liberator x4  
  144  10:19  Starport  
  144  10:20  Armory  
  144  10:21  Terran Ship Weapons Level 1  
  144  10:47  Liberator x2  
  144  10:48  Liberator  
  153  10:54  Starport  
  153  11:03  Liberator  
  132  11:30  Liberator x2  
  138  11:37  Starport  
  138  11:44  Advanced Ballistics  
  138  11:49  Liberator  
  141  13:06  Liberator x6  
  141  13:08  Liberator  
  162  13:40  Liberator  
  165  13:49  Liberator  
  114  14:12  Liberator  
Show
View Real Time Build Order
Export as new Build Order

guiltyspark Zerg 

Build Orders: Pool First 

Get SALT Encoding   

  12  0:03  Drone  
  13  0:08  Drone  
  14  0:24  Overlord  
  14  0:48  Drone  
  14  0:49  Drone x2  
  17  0:54  Spawning Pool  
  16  1:05  Drone  
  17  1:14  Drone  
  18  1:27  Drone  
  18  1:32  Overlord  
  19  1:46  Queen  
  21  1:58  Hatchery  
  20  2:10  Zergling x6  
  23  2:22  Overlord  
  23  2:36  Queen  
  24  2:48  Drone  
  24  2:49  Drone  
  26  2:57  Extractor  
  25  3:13  Drone  
  26  3:32  Drone x5  
  31  4:06  Extractor  
  31  4:07  Zergling x2  
  31  4:08  Zergling x10  
  35  4:18  Zergling x2  
  35  4:19  Zergling x10  
  41  4:25  Queen  
  43  4:55  Metabolic Boost  
  43  5:07  Roach Warren  
  43  5:13  Drone x2  
  44  5:14  Overlord x2  
  43  6:29  Lair  
  43  6:41  Roach x6  
  43  6:42  Roach x2  
  43  6:43  Overlord x2  
  59  6:50  Extractor  
  59  6:52  Extractor  
  59  6:53  Drone x2  
  57  7:20  Drone x7  
  57  7:21  Drone, Roach  
  57  7:22  Overlord, Roach x4  
  75  7:23  Overlord x3  
  60  8:12  Hydralisk Den  
  59  8:25  Evolution Chamber  
  58  8:55  Drone x4, Infestation Pit  
  60  8:56  Drone x6  
  60  8:57  Drone  
  60  8:58  Hydralisk  
  60  8:59  Hydralisk x7  
  84  9:04  Roach x2  
  84  9:05  Roach  
  90  9:27  Roach x3, Hydralisk  
  98  9:31  Zerg Missile Weapons Level 1  
  98  9:59  Grooved Spines  
  98  10:19  Roach  
  100  10:22  Overlord x3  
  100  10:24  Hatchery  
  99  10:43  Hydralisk x3  
  99  10:44  Roach x5, Hydralisk x3  
  99  10:45  Roach  
  117  11:17  Spore Crawler  
  107  11:56  Hatchery  
  64  12:50  Hatchery  
  1  14:39  Hatchery  
Show
View Real Time Build Order
Export as new Build Order

Shangxz Protoss 

Build Orders: 1 Gate Expand 

Get SALT Encoding   

  12  0:01  Probe  
  13  0:14  Probe  
  14  0:18  Pylon  
  14  0:30  Probe  
  15  0:41  Gateway  
  15  0:42  Probe  
  16  0:46  Assimilator  
  16  1:00  Probe  
  17  1:12  Probe  
  18  1:28  Probe  
  19  1:33  Nexus  
  19  1:35  Pylon  
  19  1:42  Probe  
  20  1:54  Cybernetics Core  
  20  2:06  Assimilator  
  20  2:08  Probe  
  21  2:20  Warp Gate, Probe  
  22  2:26  Adept  
  22  2:32  Probe  
  25  2:44  Probe  
  25  2:47  Adept  
  25  2:49  Probe  
  27  2:56  Probe  
  30  3:08  Probe  
  30  3:10  Probe  
  32  3:14  Adept  
  32  3:18  Twilight Council  
  32  3:20  Pylon, Probe  
  32  3:26  Probe  
  36  3:33  Probe  
  37  3:41  Adept, Probe  
  40  4:00  Probe  
  41  4:05  Probe  
  42  4:10  Gateway  
  42  4:13  Gateway  
  42  4:14  Gateway  
  42  4:16  Probe  
  43  4:21  Probe  
  44  4:28  Templar Archives, Probe  
  44  4:29  Charge  
  44  4:30  Nexus  
  45  4:34  Probe  
  46  4:39  Assimilator x2  
  46  4:40  Probe  
  47  4:46  Probe  
  47  4:52  Probe  
  49  4:58  Probe  
  50  5:04  Probe  
  51  5:07  Forge  
  51  5:09  Pylon  
  51  5:10  Probe  
  51  5:11  Psionic Storm, Adept  
  54  5:20  Pylon  
  54  5:27  Probe x2  
  56  5:38  Adept x3  
  56  5:40  Probe x2  
  64  5:51  Probe  
  64  5:52  Probe x2  
  64  5:56  Pylon  
  67  6:06  Probe  
  67  6:07  Probe  
  67  6:09  Probe  
  70  6:12  Pylon  
  70  6:15  High Templar x4  
  78  6:26  Gateway  
  78  6:28  Gateway  
  78  6:30  Gateway  
  78  6:31  Probe  
  79  6:33  Protoss Ground Weapons Level 1, Gateway  
  79  6:35  Gateway  
  79  6:41  Pylon  
  63  6:56  Zealot x2  
  63  6:57  Zealot x2  
  71  7:09  Probe  
  71  7:14  Probe  
  71  7:15  Probe  
  74  7:17  Assimilator, Zealot x2  
  74  7:18  Assimilator, Zealot x2  
  74  7:20  Zealot  
  74  7:21  Probe  
  85  7:23  Zealot  
  85  7:27  Probe  
  85  7:28  Robotics Facility  
  89  7:30  Robotics Facility, Probe  
  89  7:40  Stalker x2  
  89  7:41  Stalker x5  
  101  7:51  Zealot  
  101  7:53  High Templar  
  101  7:55  Probe  
  106  8:07  Probe  
  106  8:08  Probe  
  106  8:12  Blink  
  108  8:16  Protoss Ground Weapons Level 2  
  108  8:17  Pylon  
  108  8:19  Pylon  
  108  8:22  Pylon  
  108  8:30  Nexus  
  108  8:31  Immortal x2  
  108  8:32  Probe  
  109  8:36  Pylon  
  109  8:38  High Templar x4  
  125  8:42  Archon x2  
  125  8:45  Zealot x4  
  133  8:57  Forge  
  133  9:05  Observer  
  133  9:06  Observer, Probe  
  133  9:07  High Templar x3  
  140  9:11  Archon  
  140  9:15  Stalker x5  
  135  9:20  Probe  
  135  9:21  Probe x2  
  120  9:32  Probe  
  120  9:33  Probe  
  120  9:34  Probe  
  123  9:41  Probe x2  
  123  9:42  Probe  
  125  9:49  Photon Cannon, Probe x3  
  125  9:50  Probe  
  125  9:52  Pylon  
  126  9:59  Probe  
  130  10:00  Pylon  
  131  10:07  Probe  
  131  10:08  Immortal  
  131  10:13  Protoss Ground Armor Level 1  
  136  10:21  Probe  
  137  10:40  Probe  
  137  10:41  Probe  
  139  10:43  Warp Prism  
  139  10:46  High Templar x3  
  139  10:47  Zealot x3  
  139  10:48  Zealot x3  
  157  10:54  Probe  
  157  10:56  Probe  
  161  10:58  Probe  
  161  11:00  Photon Cannon  
  161  11:02  Probe  
  163  11:07  Probe  
  163  11:08  Probe  
  163  11:10  Probe  
  96  11:46  Zealot x5  
  96  11:47  Zealot x4  
  90  12:07  Zealot x4  
  90  12:08  Zealot x4  
  60  12:40  Probe  
  60  12:43  Zealot x3  
  60  12:44  Zealot x5  
  67  12:47  Probe  
  67  12:48  Probe  
  75  12:55  Immortal x2  
  83  12:58  Probe  
  72  13:13  High Templar x5  
  72  13:14  High Templar x3  
  72  13:18  Archon x3  
  72  13:19  Archon  
  70  13:22  Zealot  
  72  13:54  Gateway  
  72  13:55  Gateway  
  72  13:59  Gateway  
  72  14:01  Gateway  
  64  14:04  Gateway  
  64  14:06  Gateway  
  64  14:08  Gateway  
  63  14:10  Gateway  
  63  14:15  High Templar x3  
  63  14:22  Archon  
  45  14:37  Zealot  
  35  14:49  Zealot x5  
Show
View Real Time Build Order
Export as new Build Order

Throwfordays Protoss - Winner!

Build Orders: Double Forge, Nexus First 

Get SALT Encoding   

  12  0:01  Probe  
  13  0:13  Probe  
  14  0:25  Probe  
  15  0:46  Nexus  
  15  0:55  Pylon  
  15  1:08  Assimilator  
  15  1:13  Probe  
  16  1:19  Gateway  
  16  1:25  Probe  
  16  1:27  Pylon  
  17  1:38  Probe  
  18  1:50  Gateway, Probe  
  19  1:56  Probe  
  20  2:02  Probe  
  20  2:04  Probe  
  22  2:12  Cybernetics Core  
  22  2:14  Probe  
  23  2:26  Probe  
  24  2:30  Warp Gate  
  24  2:33  Gateway  
  24  2:38  Probe  
  24  2:39  Forge  
  25  2:47  Assimilator  
  25  2:50  Probe  
  26  2:55  Probe  
  27  3:02  Probe  
  28  3:07  Probe  
  28  3:11  Protoss Ground Weapons Level 1, Zealot  
  28  3:12  Zealot  
  33  3:14  Probe  
  35  3:20  Probe  
  35  3:21  Zealot  
  35  3:26  Probe  
  38  3:31  Pylon  
  38  3:37  Photon Cannon  
  38  3:38  Probe  
  39  3:41  Photon Cannon  
  39  3:50  Probe  
  40  3:56  Photon Cannon  
  40  4:03  Probe  
  40  4:04  Pylon  
  40  4:07  Assimilator  
  41  4:11  Assimilator  
  41  4:14  Pylon  
  41  4:15  Probe  
  42  4:23  Zealot x2  
  46  4:27  Probe  
  47  4:34  Forge, Twilight Council  
  47  4:39  Probe  
  47  4:41  Pylon  
  48  4:51  Probe  
  48  4:52  Zealot  
  51  4:53  Zealot x2  
  55  5:02  Photon Cannon  
  55  5:03  Probe  
  55  5:04  Photon Cannon  
  56  5:08  Photon Cannon  
  56  5:11  Photon Cannon  
  56  5:24  Photon Cannon  
  56  5:28  Photon Cannon  
  56  5:31  Photon Cannon  
  56  5:34  Protoss Ground Weapons Level 2  
  56  5:41  Robotics Facility  
  56  5:43  Templar Archives  
  56  5:46  Gateway  
  56  5:50  Gateway  
  56  5:59  Probe  
  56  6:02  Probe  
  58  6:11  Probe  
  59  6:14  Probe  
  59  6:16  Nexus  
  59  6:17  Charge  
  60  6:19  Assimilator  
  60  6:23  Assimilator, Probe  
  61  6:26  Probe  
  62  6:41  Pylon  
  62  6:43  Pylon  
  62  6:47  Pylon  
  62  6:56  Protoss Ground Armor Level 1  
  62  7:08  Psionic Storm  
  62  7:24  Nexus, Probe  
  62  7:26  Pylon  
  62  7:27  Probe  
  62  7:28  Assimilator  
  64  7:32  Assimilator  
  64  7:36  Probe  
  49  7:39  Probe  
  49  7:40  Robotics Bay  
  49  7:41  Robotics Facility  
  49  7:43  Robotics Facility  
  50  7:48  Probe  
  50  7:51  Probe  
  52  7:52  Probe  
  53  8:00  Probe  
  53  8:03  Probe  
  53  8:04  Probe  
  56  8:12  Probe  
  57  8:14  Robotics Facility  
  57  8:15  Probe  
  57  8:16  Protoss Ground Weapons Level 3  
  57  8:17  Zealot x3, Probe  
  57  8:18  Zealot  
  57  8:19  Zealot  
  69  8:24  Probe  
  70  8:27  Probe  
  70  8:29  Probe  
  72  8:36  Probe  
  72  8:37  Extended Thermal Lance  
  72  8:39  Probe  
  72  8:41  Probe  
  75  8:48  Probe  
  75  8:51  Probe  
  75  8:53  Probe  
  78  9:00  Protoss Ground Armor Level 2, Probe  
  79  9:03  Probe  
  79  9:05  Probe  
  79  9:08  Colossus  
  79  9:09  Colossus x3  
  105  9:13  Probe  
  105  9:15  Probe, Resonating Glaives  
  107  9:45  Zealot x2  
  111  9:46  Zealot x2  
  111  9:47  Zealot  
  117  10:00  Probe  
  117  10:02  Warp Prism  
  117  10:03  Probe  
  121  10:12  Probe  
  122  10:15  Probe  
  123  10:24  Probe  
  123  10:27  Probe  
  125  10:37  Probe  
  125  10:40  Probe  
  127  10:44  Immortal x2  
  127  10:45  Immortal  
  127  10:49  Probe  
  140  10:52  Pylon  
  140  10:53  Pylon x2  
  140  10:54  Pylon  
  140  10:55  Pylon  
  140  10:56  Pylon x2, Blink  
  140  10:59  Pylon  
  140  11:01  Pylon, Protoss Shields Level 1  
  140  11:03  Pylon  
  140  11:05  Pylon  
  140  11:10  Probe x2, Immortal  
  134  11:40  Immortal x3  
  138  11:50  Immortal  
  142  12:10  Zealot x2  
  142  12:11  Zealot  
  142  12:12  Zealot x2  
  152  12:19  Immortal x3  
  158  12:57  Observer  
  158  12:58  Immortal x3  
  163  13:02  Zealot  
  163  13:03  Zealot x4  
  177  13:18  Observer  
  178  13:29  Gravitic Boosters  
  178  13:31  Zealot x3  
  178  13:32  Zealot x2  
  188  13:37  Immortal x2  
  188  13:38  Immortal  
  176  14:36  Immortal x2  
  176  14:37  Immortal x2  
  188  14:47  Zealot x3  
  188  14:48  Zealot x2  
Show
View Real Time Build Order
Export as new Build Order

Cthulhu Protoss - Winner!

Build Orders:  

Get SALT Encoding   

  1  0:00  Probe  
  13  0:07  Probe  
  14  0:19  Pylon  
  14  0:22  Probe  
  15  0:39  Gateway  
  15  0:49  Forge  
  15  0:58  Pylon  
  15  1:00  Probe  
  16  1:09  Probe  
  17  1:18  Assimilator  
  17  1:20  Assimilator  
  17  1:22  Probe  
  18  1:29  Cybernetics Core  
  18  1:35  Probe  
  19  1:50  Probe  
  20  2:03  Probe  
  21  2:11  Probe  
  21  2:20  Stalker  
  24  2:36  Stargate  
  24  2:45  Protoss Air Weapons Level 1  
  24  3:06  Probe  
  25  3:19  Probe  
  26  3:20  Void Ray  
  26  3:21  Nexus  
  30  3:28  Pylon  
  30  3:30  Pylon  
  30  3:39  Stargate  
  30  3:45  Pylon  
  30  4:07  Void Ray  
  30  4:09  Photon Cannon  
  34  4:21  Photon Cannon  
  34  4:31  Probe  
  34  4:36  Probe  
  36  4:46  Oracle  
  39  4:53  Probe  
  39  4:55  Void Ray  
  44  5:09  Probe  
  44  5:10  Assimilator  
  44  5:12  Assimilator  
  45  5:17  Probe  
  45  5:18  Warp Gate  
  45  5:20  Zealot  
  47  5:27  Probe  
  49  5:39  Oracle, Probe  
  53  5:51  Probe  
  53  5:53  Probe  
  55  6:02  Oracle  
  55  6:03  Probe  
  55  6:04  Nexus  
  59  6:20  Oracle  
  59  6:23  Probe  
  62  6:27  Probe  
  62  6:31  Probe  
  64  6:36  Pylon  
  62  6:50  Protoss Air Armor Level 1  
  62  7:04  Assimilator  
  62  7:06  Void Ray  
  66  7:09  Assimilator  
  59  7:57  Void Ray  
  59  8:04  Void Ray  
  67  8:17  Fleet Beacon  
  67  8:18  Stargate  
  67  8:19  Protoss Shields Level 1  
  67  8:23  Probe x2  
  67  8:24  Probe  
  70  8:30  Void Ray  
  70  8:40  Void Ray  
  78  9:05  Photon Cannon  
  78  9:25  Void Ray x2  
  86  9:57  Protoss Air Weapons Level 2  
  86  10:04  Void Ray  
  90  10:13  Pylon  
  90  10:14  Pylon  
  90  10:25  Gateway  
  90  10:26  Gateway  
  79  11:29  Void Ray x3  
  87  12:15  Tempest x3  
  102  12:50  Robotics Facility  
  102  12:51  Robotics Facility  
  102  13:33  Void Ray  
  106  13:49  Pylon  
  106  13:51  Pylon  
  106  13:52  Pylon  
  106  14:07  Void Ray x2  
Show
View Real Time Build Order
Export as new Build Order

Faust Zerg - Winner!

Build Orders: Hatch First, Swarm Host 

Get SALT Encoding   

  12  0:01  Drone  
  13  0:08  Drone  
  14  0:14  Extractor  
  14  0:16  Drone  
  15  0:23  Overlord  
  15  0:42  Drone x2  
  17  0:57  Hatchery  
  17  1:02  Drone  
  17  1:21  Spawning Pool  
  17  1:23  Extractor, Drone x2  
  17  1:25  Drone  
  18  1:35  Drone  
  19  1:47  Overlord  
  19  2:08  Queen  
  19  2:09  Queen  
  19  2:10  Zergling x6  
  26  2:18  Drone  
  26  2:21  Drone  
  28  2:24  Metabolic Boost  
  28  2:28  Overlord  
  28  2:38  Drone  
  28  2:40  Drone  
  28  2:41  Drone  
  31  2:50  Drone  
  32  2:53  Overlord  
  32  3:12  Drone x3  
  35  3:14  Drone  
  36  3:21  Drone x3  
  36  3:22  Drone x3  
  42  3:31  Baneling Nest  
  41  3:37  Zergling x4  
  41  3:39  Overlord  
  43  3:42  Lair  
  41  4:25  Drone x2  
  41  4:26  Drone  
  41  4:27  Drone x2  
  41  4:28  Extractor, Drone x2  
  41  4:29  Extractor, Drone x2  
  47  4:32  Extractor, Drone x2  
  47  4:33  Drone, Overlord x2  
  47  4:35  Hatchery  
  46  4:57  Hydralisk Den  
  45  5:04  Zergling x2  
  45  5:05  Zergling x18  
  55  5:26  Hydralisk  
  55  5:27  Hydralisk x6  
  69  5:30  Baneling x4  
  69  5:37  Drone x3  
  72  5:47  Drone x2  
  72  5:48  Queen, Drone  
  77  6:00  Overlord x3  
  77  6:01  Overlord  
  77  6:07  Muscular Augments  
  77  6:12  Evolution Chamber  
  77  6:13  Hatchery, Evolution Chamber, Infestation Pit  
  77  6:15  Drone  
  77  6:16  Drone  
  75  6:18  Drone  
  75  6:19  Drone  
  75  6:24  Spore Crawler  
  76  6:27  Spore Crawler  
  75  6:35  Drone x3  
  75  6:36  Drone x2  
  77  7:06  Drone  
  77  7:07  Drone x13  
  91  7:09  Spore Crawler  
  91  7:14  Drone x3, Spine Crawler  
  92  7:16  Spine Crawler  
  92  7:18  Grooved Spines  
  91  7:23  Nydus Network  
  91  7:24  Zerg Missile Weapons Level 1  
  81  8:01  Hydralisk  
  81  8:02  Hydralisk x13  
  103  8:07  Extractor  
  103  8:08  Extractor  
  99  8:17  Drone x3  
  99  8:18  Drone x6  
  108  8:27  Zerg Ground Armor Level 1  
  108  8:30  Hive  
  108  8:34  Queen  
  108  8:36  Drone x5  
  108  8:37  Drone x2  
  108  8:39  Overlord  
  117  8:42  Overlord  
  117  8:45  Overlord  
  117  8:47  Overlord  
  117  8:50  Drone  
  118  8:59  Centrifical Hooks  
  118  9:04  Queen  
  118  9:09  Extractor, Drone  
  121  9:10  Drone x2  
  121  9:11  Extractor, Drone x3  
  124  9:29  Swarm Host x4  
  124  9:30  Swarm Host x5  
  151  10:04  Overlord x3  
  151  10:05  Overlord x3  
  151  10:08  Spire  
  151  10:11  Zerg Melee Weapons Level 1  
  150  10:15  Spire  
  150  10:17  Evolution Chamber  
  146  10:39  Hydralisk x5  
  156  10:43  Swarm Host x5  
  156  10:46  Swarm Host  
  156  10:47  Swarm Host x2  
  148  11:42  Nydus Canal  
  137  11:47  Hydralisk x3  
  137  11:53  Corruptor x12  
  145  12:46  Spine Crawler  
  145  12:47  Spine Crawler  
  145  12:48  Spine Crawler x2  
  139  13:24  Drone  
  140  13:38  Greater Spire  
  140  13:46  Hatchery  
  139  13:52  Drone x5  
  139  13:53  Drone x11  
Tags
 
Add a new tag
Caveats
  • Supply blocks, unpowered buildings, or Contaminate may cause inaccurate times.
  • Supply counts are checked every 10 seconds.